Map: Lightshade LE

Players

Ranger

  • Race: Protoss Protoss
  • Spawn Location: 11:00

Demi - Winner!

  • Race: Zerg Zerg
  • League: Master
  • Spawn Location: 5:00

Event: DreamHack SC2 Masters 2020 Winter

VOD

Have the link to the VOD?

Description

Time

  • Played on: Oct. 18, 2020, 2:29 a.m.
  • Length: 8:08

All games in this series

Show
View Real Time Build Order
Export as new Build Order

Ranger Protoss 

Build Orders: 1 Gate Expand 

Get SALT Encoding   

  12  0:00  Probe  
  13  0:12  Probe  
  14  0:20  Pylon  
  14  0:24  Probe  
  15  0:38  Probe (Chrono Boost)  
  16  0:43  Gateway  
  16  0:47  Probe (Chrono Boost)  
  16  0:48  Assimilator  
  17  0:52  Probe  
  18  1:04  Probe  
  19  1:16  Probe  
  20  1:23  Nexus  
  20  1:36  Cybernetics Core  
  20  1:40  Assimilator  
  20  1:41  Probe  
  21  1:49  Pylon  
  21  1:54  Probe  
  22  2:06  Probe  
  23  2:11  Adept (Chrono Boost)  
  25  2:16  Stargate  
  25  2:18  Probe (Chrono Boost)  
  26  2:24  Warp Gate  
  26  2:29  Probe (Chrono Boost)  
  26  2:33  Adept  
  26  2:35  Probe (Chrono Boost)  
  29  2:41  Probe (Chrono Boost)  
  31  2:45  Probe (Chrono Boost)  
  31  2:49  Probe (Chrono Boost)  
  31  2:50  Probe (Chrono Boost)  
  32  2:54  Void Ray (Chrono Boost)  
  33  2:59  Probe  
  33  3:02  Probe  
  39  3:08  Gateway  
  39  3:11  Probe  
  40  3:14  Pylon  
  40  3:16  Probe  
  41  3:24  Probe  
  42  3:29  Probe  
  42  3:34  Sentry  
  45  3:40  Robotics Facility  
  45  3:41  Probe (Chrono Boost)  
  46  3:42  Probe (Chrono Boost)  
  47  3:52  Probe (Chrono Boost)  
  47  3:53  Pylon, Probe (Chrono Boost)  
  49  3:58  Pylon  
  49  4:00  Probe  
  50  4:06  Gateway  
  50  4:07  Gateway  
  50  4:11  Gateway  
  50  4:13  Gateway  
  50  4:17  Assimilator  
  50  4:19  Assimilator  
  50  4:27  Nexus  
  50  4:32  Sentry x2  
  50  4:35  Immortal (Chrono Boost)  
  58  4:41  Probe x2  
  60  4:55  Adept  
  60  4:56  Adept  
  60  4:57  Probe  
  59  5:08  Probe  
  59  5:09  Probe  
  59  5:12  Zealot x3  
  59  5:13  Sentry  
  69  5:20  Probe  
  69  5:21  Probe  
  69  5:27  Gateway  
  69  5:30  Gateway  
  69  5:36  Pylon  
  69  5:37  Pylon  
  69  5:38  Immortal (Chrono Boost)  
  69  5:41  Probe x3  
  76  5:44  Sentry  
  76  5:45  Sentry  
  76  5:49  Pylon  
  80  6:00  Adept  
  80  6:02  Adept  
  84  6:07  Warp Prism (Chrono Boost), Sentry  
  84  6:10  Adept x2  
  92  6:14  Stalker  
  94  6:21  Stalker x2  
  94  6:23  Stalker  
  100  6:27  Pylon  
  100  6:32  Adept x2  
  104  6:39  Observer (Chrono Boost)  
  105  6:41  Stalker  
  105  6:42  Stalker  
  105  6:46  Pylon  
  109  6:47  Stalker  
  109  6:48  Stalker  
  113  7:00  Pylon  
  113  7:04  Stalker x2  
  113  7:05  Stalker x2  
  121  7:11  Adept  
  121  7:12  Zealot  
  109  7:25  Zealot x2  
  99  7:32  Sentry x4  
  99  7:35  Zealot  
  99  7:36  Zealot  
  68  7:59  Stalker  
  68  8:00  Stalker x5  
Show
View Real Time Build Order
Export as new Build Order

Demi Zerg - Winner!

Build Orders: Hatch First 

Get SALT Encoding   

  12  0:00  Drone  
  13  0:12  Overlord  
  13  0:16  Drone  
  14  0:30  Drone x2  
  16  0:48  Hatchery  
  15  0:51  Drone  
  15  0:54  Drone  
  17  0:58  Drone  
  18  1:08  Extractor  
  17  1:13  Spawning Pool  
  17  1:16  Drone  
  17  1:18  Drone  
  18  1:27  Drone  
  19  1:39  Drone  
  20  1:50  Overlord  
  20  1:59  Queen  
  20  2:00  Queen  
  20  2:01  Zergling x4  
  26  2:12  Drone x2  
  28  2:21  Drone x2  
  30  2:35  Pneumatized Carapace, Hatchery  
  30  2:36  Drone  
  30  2:43  Drone x2  
  32  2:47  Overlord  
  32  2:54  Queen  
  35  2:58  Drone x2  
  36  3:08  Drone x2  
  36  3:11  Metabolic Boost  
  38  3:14  Drone x2  
  38  3:17  Overlord  
  40  3:24  Drone  
  40  3:26  Zergling x4  
  43  3:33  Overlord  
  43  3:36  Queen  
  45  3:45  Overlord x2  
  45  3:50  Queen  
  45  3:53  Zergling x8  
  51  4:00  Drone x2, Spore Crawler  
  52  4:02  Overlord  
  52  4:06  Drone  
  53  4:12  Drone x3  
  53  4:13  Drone  
  57  4:18  Drone x2, Roach Warren  
  58  4:25  Zergling x4  
  60  4:31  Lair  
  60  4:33  Drone x3  
  64  4:38  Drone x3  
  64  4:44  Spore Crawler  
  64  4:47  Extractor  
  64  4:49  Extractor  
  64  4:52  Drone x7  
  68  4:55  Drone x2  
  68  4:56  Drone  
  70  5:02  Drone x4  
  70  5:07  Drone x2  
  73  5:13  Evolution Chamber, Overlord  
  69  5:16  Zergling x8  
  69  5:17  Zergling x2  
  73  5:26  Overlord x2  
  73  5:28  Extractor, Roach x3  
  79  5:29  Zergling x2  
  79  5:32  Overlord  
  79  5:36  Roach  
  81  5:43  Overlord  
  81  5:44  Overlord x2, Glial Reconstitution  
  81  5:46  Roach x2  
  81  5:47  Zergling x2  
  86  5:50  Overseer  
  86  5:54  Roach  
  86  5:55  Roach x2, Zergling x2  
  86  5:56  Zergling x2  
  94  5:57  Ravager  
  95  6:08  Roach  
  95  6:10  Roach x4  
  105  6:22  Extractor  
  104  6:29  Overlord x2  
  104  6:31  Roach x7  
  104  6:32  Zergling x2  
  118  6:33  Hatchery  
  118  6:36  Ravager x2  
  119  6:41  Overlord x3  
  119  6:44  Ravager  
  119  6:45  Zergling x6  
  119  6:46  Zergling x2  
  126  6:54  Ravager x2  
  126  6:57  Roach x2  
  126  6:58  Roach, Zergling x4  
  135  7:06  Roach x2  
  135  7:07  Roach x2  
  142  7:22  Roach x3  
  146  7:23  Roach x3, Zergling x4  
  137  7:31  Roach x2  
  137  7:40  Roach  
  137  7:41  Roach x4, Zergling x4  
  137  7:42  Ravager x2  
Tags
 
Add a new tag
Caveats
  • Supply blocks, unpowered buildings, or Contaminate may cause inaccurate times.
  • Supply counts are checked every 10 seconds.